 Dungeon Crawl Stone Soup version 0.28-a0-1347-g113dc556a4 (webtiles) character file.

Game seed: 4757923086114016627

95 2tousent the Sneak (level 4, 0/27 HPs)
             Began as an Octopode Enchanter on Dec 29, 2021.
             Slain by an orc wizard (2 damage)
             ... on level 3 of the Dungeon.
             The game lasted 00:03:28 (3426 turns).

2tousent the Sneak (Octopode Enchanter)             Turns: 3426, Time: 00:03:29

Health: 0/27       AC:  1    Str:  7    XL:     4   Next: 66%
Magic:  7/7        EV: 13    Int: 17    God:
Gold:   107        SH:  0    Dex: 14    Spells: 2/7 levels left

rFire   + . .      SeeInvis .   a - +1 dagger
rCold   . . .      Faith    .   (no shield)
rNeg    . . .      Spirit   .   (helmet restricted)
rPois   .          Reflect  .   (no amulet)
rElec   .          Harm     .   d - ring of protection from fire
rCorr   .          Rampage  .   (no ring)
Will    .....                   (no ring)
Stlth   ++++......              (no ring)
HPRegen 0.09/turn               (no ring)
MPRegen 0.10/turn               (no ring)
                                (no ring)
                                (no ring)

@: invisible
A: almost no armour, amphibious, 8 rings, camouflage 1, gelatinous body 1,
(nimble swimmer 1), tentacles
a: no special abilities


You were on level 3 of the Dungeon.
You visited 1 branch of the dungeon, and saw 3 of its levels.

You collected 107 gold pieces.

Inventory:

Hand Weapons
 a - a +1 dagger (weapon)
Jewellery
 d - a ring of protection from fire (left tentacle)
Scrolls
 e - a scroll of blinking {unknown}
 g - a scroll of magic mapping
 h - a scroll of teleportation {unknown}
Potions
 c - a potion of might
 f - a potion of cancellation


   Skills:
 + Level 2.0 Short Blades
 - Level 2.0 Dodging
 * Level 5.6 Stealth
 - Level 2.0 Spellcasting
 * Level 4.0 Hexes
 * Level 0.3 Ice Magic


You had 2 spell levels left.
You knew the following spells:

 Your Spells              Type           Power      Damage    Failure   Level
a - Ensorcelled Hibernat  Hex/Ice        18%        N/A       12%         2
b - Tukima's Dance        Hex            15%        N/A       11%         3

Your spell library contained the following spells:

 Spells                   Type           Power      Damage    Failure   Level
 Confusing Touch          Hex            15%        N/A       11%         3
 Dazzling Flash           Conj/Hex       16%        N/A       26%         3
 Iskenderun's Mystic Bla  Conj/Tloc      1%         2d3       88%         4
 Starburst                Conj/Fire      0%         6d3       100%        6


Dungeon Overview and Level Annotations

Branches:
Dungeon (3/15)

Altars:
Fedhas


Innate Abilities, Weirdness & Mutations

You cannot wear most types of armour.
You are amphibious.
You can wear up to eight rings at the same time.
Your skin changes colour to match your surroundings (Stealth+).
Your rubbery body absorbs attacks. (AC +1, EV +1)
((You are camouflaged when in or above water. (Stealth+)))
You have tentacles for arms and can constrict up to eight enemies at once.


Message History

The orc misses you.
You hit the orc.
The orc is almost dead.
You constrict the orc.
You kill the orc!
Your Hexes skill increases to level 4!
You hit the hobgoblin. You grab the hobgoblin.
The hobgoblin is heavily wounded.
You constrict the hobgoblin, but do no damage.
The hobgoblin closely misses you.
You hit the hobgoblin. You squeeze the hobgoblin.
You kill the hobgoblin!
Something hits you.
You closely miss something. You hit something.
Something hits you but does no damage.
You closely miss something. Your squeeze misses something. Something hits you.
You hit something but do no damage. You squeeze something.
You hear some strange, mumbled words.
You are confused.
You closely miss something.
You hear some strange, mumbled words.
A magic dart appears from out of thin air!
The magic dart hits you!
You bump into the rock wall.
Something hits you.
You bump into the rock wall.
Something hits you.
* * * LOW HITPOINT WARNING * * *
You miss something. Something barely misses you.
You bump into the rock wall.
Something hits you.
* * * LOW HITPOINT WARNING * * *
You miss something.
You hear some strange, mumbled words.
A puff of flame appears from out of thin air!
The puff of flame misses you.
You hit something.
You feel less confused. Something hits you.
* * * LOW HITPOINT WARNING * * *
You fade into invisibility!
Something hits you.
You die...

#.#######.
#####..........
#.............
#####.........
#.........
##........
#.#......
#.#.####. #.#@#
. #.#{# ..
#.#o####...
#..........
#.#........
#.#..##.##.
#.#........
#.#.....##.
...........


You could see an orc.

Vanquished Creatures
  3 adders
  A worm (D:2)
  4 orcs (D:3)
  7 ball pythons
  5 bats (D:1)
  10 endoplasms
  5 giant cockroaches (D:1)
  4 goblins
  6 hobgoblins
  7 kobolds
  3 frilled lizards
  3 rats
58 creatures vanquished.

Notes
Turn   | Place    | Note
-------+----------+-------------------------------------------
     0 | D:1      | 2tousent the Octopode Enchanter began the quest for the
                  | Orb.
     0 | D:1      | Reached XP level 1. HP: 11/11 MP: 3/3
   384 | D:1      | Reached XP level 2. HP: 17/17 MP: 5/5
  1040 | D:1      | Reached XP level 3. HP: 20/21 MP: 6/6
  1807 | D:2      | Reached skill level 5 in Stealth
  1881 | D:2      | Found a blossoming altar of Fedhas.
  2078 | D:2      | Reached XP level 4. HP: 15/27 MP: 7/7
  2556 | D:2      | Learned a level 2 spell: Ensorcelled Hibernation
  2560 | D:2      | Learned a level 3 spell: Tukima's Dance
  2639 | D:2      | Found a faded altar of an unknown god.
  3036 | D:3      | HP: 1/27 [hobgoblin (5)]
  3426 | D:3      | Slain by an orc wizard

Illustrated notes

Levels and vault maps discovered:
D:1:      minmay_arrival_four_loops, layout_basic
D:2:      layout_rooms, basic_altar, hellmonk_ecumenical_altar_zigzags,
          nicolae_elevator_lobby_asterisk
D:3:      layout_basic, marbit_many_paths, minmay_door_square

Skill      XL: |  1  2  3  4 |
---------------+-------------+-----
Stealth        | 5 |  5.6
Short Blades   | 2 |  2.0
Hexes          | 4 |  4.0
Dodging        | |  2.0
Spellcasting   | |  2.0
Ice Magic      | |  0.3

Action                   |  1- 3 |  4- 6 || total
-------------------------+-------+-------++-------
Melee: Dagger            |    87 |    68 ||   155
       Constrict         |    17 |    10 ||    27
       Tentacles         |    10 |    13 ||    23
  Use: Scroll            |     1 |     2 ||     3
       Potion            |       |     1 ||     1
 Stab: Sleeping          |    14 |     7 ||    21
Armor: Skin              |     5 |     3 ||     8
Dodge: Dodged            |    34 |    38 ||    72

Table legend: (Time is in decaauts)
 A = Elapsed time spent in this place.
 B = Non-inter-level travel time spent in this place.
 C = Inter-level travel time spent in this place.
 D = Time resting spent in this place.
 E = Time spent auto-exploring this place.
 F = Levels seen in this place.
 G = Mean time per level.
                   A        B        C        D        E       F      G
               +--------+--------+--------+--------+--------+-----+--------+
         Total |   3412 |   3371 |     41 |     55 |   2887 |   3 | 1137.3 |
       Dungeon |   3412 |   3371 |     41 |     55 |   2887 |   3 | 1137.3 |
               +--------+--------+--------+--------+--------+-----+--------+

Top non-repeatable levels by time:
     D:1: 1772 daAuts
     D:2: 1110 daAuts
     D:3: 530 daAuts
